 Dungeon Crawl Stone Soup version 0.26.1-11-gd32895ea62 (webtiles) character file.

Game seed: 9625742103264512565

153 Zeld the Digger (level 5, -1/28 HPs)
             Began as a Gargoyle Earth Elementalist on Sept 7, 2021.
             Was an Initiate of Gozag.
             Slain by an orc wizard
             ... wielding a +0 dagger
              (4 damage)
             ... on level 4 of the Dungeon.
             The game lasted 00:04:15 (4180 turns).

Zeld the Digger (Gargoyle Earth Elementalist)       Turns: 4180, Time: 00:04:15

Health: -1/28      AC:  6    Str: 12    XL:     5   Next: 35%
Magic:  5/9        EV: 12    Int: 16    God:    Gozag
Gold:   371        SH:  0    Dex: 10    Spells: 4/10 levels left

rFire    . . .     SeeInvis .   a - +0 dagger (speed)
rCold    . . .     Faith    .   (no shield)
rNeg     + . .     Spirit   .   c - +0 robe
rPois    ∞         Reflect  .   (no helmet)
rElec    +         Harm     .   (no cloak)
rCorr    .         Rampage  .   (no gloves)
Will     .....                  (no boots)
Stlth    ++........             (no amulet)
HPRegen  0.09/turn              (no ring)
MPRegen  0.11/turn              (no ring)

@: gold aura, very slightly contaminated
A: negative energy resistance 1, electricity resistance, unbreathing,
petrification resistance, miasma immunity, AC +4
a: Renounce Religion, Potion Petition, Call Merchant, Bribe Branch


You were on level 4 of the Dungeon.
You worshipped Gozag.
Gozag was aware of your devotion.
You visited 1 branch of the dungeon, and saw 4 of its levels.

You collected 395 gold pieces.
You paid 24 gold pieces to Gozag.

Inventory:

Hand Weapons
 a - a +0 dagger of speed (weapon)
Missiles
 b - 153 stones (quivered)
Armour
 c - a +0 robe (worn)
Jewellery
 k - an uncursed ring of protection from fire {unknown}
 o - an uncursed amulet of guardian spirit {unknown}
Scrolls
 e - 8 scrolls of identify {unknown}
 g - 2 scrolls of remove curse {unknown}
 h - a scroll of immolation {unknown}
 n - 2 scrolls of fear {unknown}
 p - a scroll of magic mapping {unknown}
Potions
 d - a potion of lignification {unknown}
 f - 4 potions of curing {unknown}
 i - a potion of resistance {unknown}
 j - a potion of cancellation {unknown}
 l - a potion of ambrosia {unknown}
 m - a potion of invisibility {unknown}
 q - a potion of flight {unknown}


   Skills:
 + Level 1.5 Armour
 + Level 2.1 Dodging
 + Level 2.8 Stealth
 * Level 3.0 Spellcasting
 + Level 1.2 Conjurations
 - Level 1.0 Transmutations
 * Level 4.8 Earth Magic


You had 4 spell levels left.
You knew the following spells:

 Your Spells              Type           Power        Failure   Level
a - Sandblast             Erth           36%          2%          1
b - Passwall              Tmut/Erth      9%           9%          2
c - Stone Arrow           Conj/Erth      24%          16%         3

Your spell library contained the following spells:

 Spells                   Type           Power        Failure   Level
 Petrify                  Tmut/Erth      11%          50%         4
 Lee's Rapid Deconstruct  Erth           9%           56%         5


Dungeon Overview and Level Annotations

Branches:
Dungeon (4/15)
 Temple: D:4-7

Altars:
Cheibriados
Gozag
Okawaru
Qazlal
Sif Muna
Uskayaw
Vehumet
Zin
The Shining One


Innate Abilities, Weirdness & Mutations

You are resistant to torment.
Your stone body is resilient. (AC +4)
You are immune to poison.
You resist negative energy. (rN+)
You are resistant to electric shocks. (rElec)
You can survive without breathing.
You are immune to petrification.
You are immune to miasma.


Message History

Aim: an orc wizard, wielding a +0 dagger and wearing a +0 robe (severely wounded, fast, 26% to evade)
The blast of sand hits the orc wizard.
The orc wizard is almost dead.
b - 153 stones The orc wizard casts a spell at itself.
The orc wizard flickers and vanishes!
Deactivating autopickup; reactivate with Ctrl-A.
The orc wizard hits you with a +0 dagger.
* * * LOW HITPOINT WARNING * * *
Unknown command.
Casting: Sandblast (safe; 2% risk of failure)
Confirm with . or Enter, or press ? or * to list all spells.
Aiming: Passwall (safe; 9% risk of failure)
Press: ? - help, Dir - move target A rock wall.
You miscast Passwall.
You are very lightly contaminated with residual magic.
Nothing appears to happen.
Something hits you.
You die...
Your body crumbles into a pile of gold.

###########
#.........#####
#####.###.........#
.......<.....>###.#
.##.#.#.#.#....##.#####
# #.#.#.##.##.....#
#.)....#.#####.##
###.####.......#
...#@{$....#..#
####o#####.#..# ..o#
#.#..# #.### #.#..# #.
#.#..# # #.#..# #.#...
.#


You could see an orc wizard and an orc.

Vanquished Creatures
  An orc wizard (D:3)
  5 adders
  3 leopard geckos
  6 orcs
  4 giant cockroaches
  4 hobgoblins
  3 jackals (D:3)
  2 quokkas
  A ball python (D:1)
  9 bats
  3 frilled lizards
  10 goblins
  9 kobolds
  8 rats
68 creatures vanquished.

Vanquished Creatures (others)
  A fungus (D:3)
  5 toadstools (D:3)
6 creatures vanquished.

Grand Total: 74 creatures vanquished

Notes
Turn   | Place    | Note
-------+----------+-------------------------------------------
     0 | D:1      | Zeld the Gargoyle Earth Elementalist began the quest for
                  | the Orb.
     0 | D:1      | Reached XP level 1. HP: 10/10 MP: 3/3
   216 | D:1      | Reached XP level 2. HP: 13/15 MP: 5/5
   786 | D:1      | Reached skill level 1 in Transmutations
   786 | D:1      | Reached skill level 4 in Earth Magic
  1252 | D:2      | Reached XP level 3. HP: 17/19 MP: 6/6
  1260 | D:2      | Learned a level 2 spell: Passwall
  1264 | D:2      | Learned a level 3 spell: Stone Arrow
  1652 | D:2      | Reached skill level 1 in Armour
  1834 | D:2      | Found a glowing silver altar of Zin.
  1834 | D:2      | Found an opulent altar of Gozag.
  1853 | D:2      | Became a worshipper of Gozag Ym Sagoz the Greedy
  2189 | D:3      | Reached XP level 4. HP: 24/24 MP: 7/7
  2448 | D:3      | Reached skill level 1 in Conjurations
  2919 | D:3      | Found a glowing golden altar of the Shining One.
  3249 | D:3      | Found an iron altar of Okawaru.
  3254 | D:3      | Reached XP level 5. HP: 28/28 MP: 5/9
  3489 | D:3      | Found a snail-covered altar of Cheibriados.
  3489 | D:3      | Found a radiant altar of Vehumet.
  3497 | D:3      | Found a stormy altar of Qazlal.
  3518 | D:3      | Found a hide-covered altar of Uskayaw.
  3520 | D:3      | Found a shimmering blue altar of Sif Muna.
  4180 | D:4      | Slain by an orc wizard

Illustrated notes

Levels and vault maps discovered:
D:1:      dpeg_arrival_subterranean_lakeside_camping, layout_loops_ring,
          minmay_misc_feat_hallway, minmay_misc_feat_x
D:2:      layout_rooms, grunt_temple_overflow_gold_and_silver
D:3:      layout_basic, chequers_temple_overflow_minitemple, tso_altar,
          minmay_gold_behind_fungi, kennysheep_okawaru_gauntlet
D:4:      layout_basic, uniq_duvessa, uniq_blork_the_orc

Skill      XL: |  1  2  3  4  5 |
---------------+----------------+-----
Transmutations | 1 |  1.0
Earth Magic    | 4 |  4.8
Armour         | 1 |  1.5
Dodging        | 2 |  2.1
Conjurations   | 1 |  1.2
Spellcasting   | 3 |  3.0
Stealth        | |  2.8

Action                   |  1- 3 |  4- 6 || total
-------------------------+-------+-------++-------
Melee: Dagger            |   188 |   174 ||   362
 Cast: Sandblast         |     2 |    19 ||    21
 Stab: Sleeping          |     7 |     3 ||    10
Armor: Robe              |    52 |    51 ||   103
Dodge: Dodged            |   122 |    95 ||   217
